 Dungeon Crawl Stone Soup version 0.26.1-2-gb8aa6d0cf2 (webtiles) character file.

Game seed: 9259735887752758279

256 MalarOregon the Caller (level 6, -1/39 HPs)
             Began as a Halfling Summoner on Mar 28, 2021.
             Slain by a mummy (17 damage)
             ... in an ossuary.
             The game lasted 00:08:11 (4131 turns).

MalarOregon the Caller (Halfling Summoner)          Turns: 4131, Time: 00:08:12

Health: -1/39      AC:  2    Str: 10    XL:     6   Next: 39%
Magic:  3/9        EV: 16    Int: 14    God:
Gold:   185        SH:  0    Dex: 15    Spells: 7/9 levels left

rFire    . . .     SeeInvis .   r - +0 trident
rCold    . . .     Faith    .   (shield currently unavailable)
rNeg     . . .     Spirit   .   a - +0 robe
rPois    .         Reflect  .   (no helmet)
rElec    .         Harm     .   (no cloak)
rCorr    .         Rampage  .   (no gloves)
Will     .....                  (no boots)
Stlth    ++........             (no amulet)
HPRegen  0.13/turn              (no ring)
MPRegen  0.11/turn              (no ring)

@: very slightly contaminated
A: small, mutation resistance 1
a: no special abilities


You were in an ossuary.
You visited 1 branch of the dungeon, and saw 4 of its levels.
You also visited: Ossuary.

You collected 185 gold pieces.

Inventory:

Hand Weapons
 n - a +0 spear
   (You found it on level 1 of the Dungeon)
 r - a +0 trident (weapon)
   (You took it off an orc on level 3 of the Dungeon)
Missiles
 p - 20 poisoned darts
Armour
 a - a +0 robe (worn)
Wands
 c - a wand of disintegration (4)
   (You took it off Ijyb on level 3 of the Dungeon)
Scrolls
 e - a scroll of immolation {unknown}
 f - a scroll of magic mapping
 i - a scroll of remove curse {@r2}
 j - a scroll of blinking {unknown}
 q - a scroll of fear
 s - 3 scrolls of teleportation {@r4}
Potions
 b - 2 potions of heal wounds {@q2}
 d - 2 potions of haste {@q3}
 g - 2 potions of resistance
 h - a potion of attraction {unknown}
 l - a potion of mutation {unknown}
 o - a potion of cancellation {unknown}


   Skills:
 + Level 2.0 Fighting
 + Level 1.5 Polearms
 + Level 2.3 Armour
 + Level 3.4 Dodging
 - Level 2.1 Stealth
 + Level 2.4 Spellcasting
 + Level 3.8 Summonings


You had 7 spell levels left.
You knew the following spells:

 Your Spells              Type           Power        Failure   Level
x - Call Imp              Summ           12%          7%          2

Your spell library contained the following spells:

 Spells                   Type           Power        Failure   Level
 Summon Small Mammal      Summ           48%          4%          1
 Call Canine Familiar     Summ           12%          14%         3
 Summon Guardian Golem    Hex/Summ       7%           30%         3
 Summon Ice Beast         Ice/Summ       7%           71%         4
 Summon Lightning Spire   Summ/Air       7%           71%         4


Dungeon Overview and Level Annotations

Branches:
Dungeon (4/15)             Temple (0/1) D:4         Ossuary (1/1)

Altars:
Ashenzari
Cheibriados
Nemelex Xobeh
Uskayaw
Vehumet
Xom
The Shining One

Annotations:
D:3 4 runed translucent doors, Crazy Yiuf; nightchill's ghost, amateur MfGl


Innate Abilities, Weirdness & Mutations

You are small and have problems with some larger weapons.
You are somewhat resistant to further mutation.


Message History

Your crimson imp dies!
You reach to attack!
You closely miss the mummy.
Your crimson imp hits the mummy but does no damage.
You reach to attack!
You hit the mummy.
Your shadow imp hits the mummy.
Your crimson imp hits the mummy.
You closely miss the mummy.
Your shadow imp hits the mummy.
The mummy closely misses you.
Your shadow imp hits the mummy.
You hit the mummy.
You destroy the mummy!
No target in view!
Your crimson imp blinks!
Your crimson imp disappears in a puff of smoke!
Your shadow imp disappears in a puff of smoke!
A mummy comes into view.
A mummy is nearby!
A mummy is nearby!
A metallic apparition takes form in the air.
You barely miss the mummy. You completely miss the mummy.
The mummy completely misses you.
You hit the mummy. The mummy hits you!
You hit the mummy.
Your iron imp hits the mummy.
The mummy barely misses your iron imp.
You hit the mummy.
You destroy the mummy!
No target in view!
Your iron imp disappears in a puff of smoke!
A mummy comes into view.
A mummy is nearby!
A mummy is nearby!
A mummy comes into view.
You hit the mummy. You barely miss the mummy. The mummy barely misses you.
You hit the mummy. The mummy hits you!
You hit the mummy. The mummy misses you.
You hit the mummy. You hit the mummy. The mummy completely misses you.
You barely miss the mummy. The mummy misses you.
You puncture the mummy!
You destroy the mummy!
You barely miss the mummy. You hit the mummy. The mummy hits you!
* * * LOW HITPOINT WARNING * * *
You are too injured to fight recklessly!
A beastly little devil appears in a puff of flame.
You miscast Call Imp.
You are very lightly contaminated with residual magic.
Nothing appears to happen.
A beastly little devil appears in a puff of flame.
The mummy hits you!
You die...

##############
##...@M........
##..5..5####....
#......##..## ..
#.....##....##..
#................
##...............
##.............
#+##........#
##......##


You could see a mummy and 2 friendly crimson imps.

Vanquished Creatures
  An orc priest (D:3)
  Natasha (D:4)
  A worker ant (D:4)
  7 mummies (Ossuary)
  An adder (D:2)
  An ooze (D:1)
  A dart slug (D:1)
  9 orcs
  A giant cockroach (D:1)
  3 goblins
  3 hobgoblins (D:1)
  3 jackals
  4 bats
  4 frilled lizards
  5 kobolds
  A kobold zombie (Ossuary)
  4 rats
50 creatures vanquished.

Vanquished Creatures (collateral kills)
  An orc wizard (D:4)
  Ijyb (D:3)
  2 adders (D:2)
  An ooze (D:3)
  2 worms
  7 orcs
  A gnoll zombie (Ossuary)
  A goblin (D:3)
  3 hobgoblins
  A jackal (D:1)
  A quokka (D:3)
  A bat (D:3)
  A kobold (D:2)
  5 kobold zombies (Ossuary)
  An orc zombie (Ossuary)
  A rat (D:1)
30 creatures vanquished.

Grand Total: 80 creatures vanquished

Notes
Turn   | Place    | Note
-------+----------+-------------------------------------------
     0 | D:1      | MalarOregon the Halfling Summoner began the quest for the
                  | Orb.
     0 | D:1      | Reached XP level 1. HP: 11/11 MP: 3/3
   179 | D:1      | Reached XP level 2. HP: 18/18 MP: 4/4
   892 | D:1      | Reached XP level 3. HP: 22/22 MP: 5/5
   895 | D:1      | Learned a level 2 spell: Call Imp
  1045 | D:1      | Reached skill level 1 in Armour
  1399 | D:2      | Reached skill level 1 in Fighting
  2080 | D:2      | Reached XP level 4. HP: 28/28 MP: 1/6
  2377 | D:2      | Found a glowing golden altar of the Shining One.
  2384 | D:2      | Found a sparkling altar of Nemelex Xobeh.
  2384 | D:2      | Found a radiant altar of Vehumet.
  2401 | D:2      | Found a hide-covered altar of Uskayaw.
  2404 | D:2      | Found a shimmering altar of Xom.
  2885 | D:3      | Noticed Ijyb
  2896 | D:3      | Killed Ijyb
  2897 | D:3      | Reached XP level 5. HP: 33/33 MP: 2/8
  2958 | D:3      | Found a broken altar of Ashenzari.
  2994 | D:3      | Found a runed translucent gate.
  2994 | D:3      | Found a runed translucent gate.
  2995 | D:3      | Found a runed translucent gate.
  3027 | D:3      | Noticed nightchill's ghost (amateur MfGl)
  3125 | D:3      | Reached skill level 1 in Polearms
  3370 | D:3      | Found a runed translucent door.
  3371 | D:3      | Noticed Crazy Yiuf
  3517 | D:4      | Found a staircase to the Ecumenical Temple.
  3536 | D:4      | Found a snail-covered altar of Cheibriados.
  3539 | D:4      | Noticed Natasha
  3548 | D:4      | Killed Natasha
  3619 | D:4      | Found a sand-covered staircase.
  3867 | Ossuary  | Entered an ossuary
  3902 | Ossuary  | Reached XP level 6. HP: 36/39 MP: 1/9
  4131 | Ossuary  | Slain by a mummy

Illustrated notes

Levels and vault maps discovered:
D:1:      scummos_arrival_simple_crosswalls, layout_basic, serial_bayou_pond_d,
          hex_intersection, minmay_misc_feat_secret_circle,
          corexii_leaking_fountain
D:2:      layout_loops_ring, minmay_overflow_temple_star_hex
D:3:      layout_rooms, gammafunk_ghost_icy, ashenzari_altar_1, uniq_ijyb,
          uniq_crazy_yiuf_cottage
D:4:      layout_loops_cross, lemuel_crystal_altar, minmay_temple_entry_tees,
          serial_shops, shop, shop, nicolae_shop_temple_entry_statues_fountains,
          enter_ossuary_5, chequers_jeans, uniq_natasha, uniq_grinder,
          uniq_robin
Ossuary:  ossuary_tomb_3

Skill      XL: |  1  2  3  4  5  6 |
---------------+-------------------+-----
Armour         | 1 2 |  2.3
Fighting       | 1 2 |  2.0
Spellcasting   | 2 |  2.4
Dodging        | 3 |  3.4
Polearms       | 1 |  1.5
Stealth        | |  2.1
Summonings     | |  3.8

Action                   |  1- 3 |  4- 6 || total
-------------------------+-------+-------++-------
Melee: Mace              |    53 |       ||    53
       Spear             |    67 |    26 ||    93
       Trident           |       |   106 ||   106
 Cast: Summon Small Mamm |     8 |     1 ||     9
       Call Imp          |     4 |    33 ||    37
Evoke: Wand              |       |     7 ||     7
  Use: Scroll            |       |     9 ||     9
 Stab: Sleeping          |     5 |     2 ||     7
       Distracted        |     2 |       ||     2
Armor: Robe              |    33 |    10 ||    43
Dodge: Dodged            |   121 |   100 ||   221
